 Dungeon Crawl Stone Soup version 0.28.0-53-g5a82cb258f (webtiles) character file.

Game seed: 7474177782222917296

32 gobodom the Ducker (level 3, -2/27 HPs)
             Began as a Demonspawn Gladiator on June 18, 2022.
             Slain by a scorpion (6 damage)
             ... on level 2 of the Dungeon.
             The game lasted 00:05:07 (1482 turns).

gobodom the Ducker (Demonspawn Gladiator)           Turns: 1482, Time: 00:05:07

Health: -2/27      AC:  6    Str: 16    XL:     3   Next: 8%
Magic:  3/3        EV: 12    Int:  9    God:
Gold:   88         SH:  4    Dex: 14    Spells: 2/2 levels left

rFire   . . .      SeeInvis .   a - +0 war axe
rCold   . . .      Faith    .   (no shield)
rNeg    . . .      Spirit   .   b - +0 leather armour
rPois   .          Reflect  .   c - +0 helmet
rElec   .          Harm     .   (no cloak)
rCorr   .          Rampage  .   (no gloves)
Will    .....                   (no boots)
Stlth   +.........              (no amulet)
HPRegen 0.09/turn               (no ring)
MPRegen 0.08/turn               (no ring)

@: no status effects
A: yellow scales 1, condensation shield
a: no special abilities


You were on level 2 of the Dungeon.
You visited 1 branch of the dungeon, and saw 2 of its levels.

You collected 88 gold pieces.

Inventory:

Hand Weapons
 a - a +0 war axe (weapon)
Missiles
 d - 3 throwing nets
 f - 3 poisoned darts (quivered)
 k - 33 arrows
Armour
 b - a +0 leather armour (worn)
 c - a +0 helmet (worn)
Scrolls
 g - a scroll of teleportation {unknown}
 h - 3 scrolls of identify {unknown}
 i - a scroll of vulnerability {unknown}
 p - a scroll of holy word {unknown}
Potions
 e - a potion of curing {unknown}
 j - a potion of brilliance {unknown}
 l - 2 potions of degeneration {unknown}
 m - a potion of berserk rage {unknown}
 n - a potion of cancellation {unknown}
 o - a potion of ambrosia {unknown}


   Skills:
 + Level 2.1 Fighting
 + Level 3.1 Axes
 + Level 1.8 Throwing
 + Level 0.7 Armour
 + Level 3.2 Dodging
 + Level 0.1 Stealth


You had 2 spell levels left.
You didn't know any spells.
Your spell library was empty.

Dungeon Overview and Level Annotations

Branches:
Dungeon (2/15)

Altars:

Shops:
D:1 !


Innate Abilities, Weirdness & Mutations

You are partially covered in yellow scales. (AC +2)
A meltable shield of frost defends you. (SH +4)


Message History

You miss the frilled lizard.
The frilled lizard completely misses you.
The frilled lizard bites you.
You closely miss the frilled lizard. The frilled lizard barely misses you.
You hit the frilled lizard but do no damage.
The frilled lizard barely misses you.
You hit the frilled lizard.
You kill the frilled lizard!
You see here a frilled lizard corpse.
You start resting.
HP restored.
A scorpion comes into view.
You block the scorpion's attack.
You hit the scorpion.
The scorpion is lightly wounded.
The scorpion stings you.
You hit the scorpion but do no damage.
The scorpion is lightly wounded.
The scorpion stings you!
You are poisoned.
The scorpion poisons you! You block the scorpion's attack.
You feel very sick.
You feel sick.
You feel sick.
You feel sick. The scorpion stings you.
You feel sick.
You feel sick.
You feel sick.
You feel sick.
You are no longer poisoned.
The scorpion stings you.
* * * LOW HITPOINT WARNING * * *
There is an open door here.
The scorpion misses you. The scorpion misses you.
You see here a bat corpse.
You block the scorpion's attack. The scorpion closely misses you.
The scorpion stings you.
You die...

..# #.#####.# #.# ..#
#.#####.###.# #.# #.##........#
..# #.##.##<##### ..# #.##.##.#
#.# #.......# #.##.# ####.####
##. #.##.# #....## ##.##
#.##.##.# ####@#...### ##...#
........# #...s......# #....#
#.##.### #..#.#†#.#.## #....#
...#.# #...........####....#
#....########..#.#.#.#.........##
...†...........................'.
#....########..#.#.#.#.........##
##.#.# #.................##
##...# #..#.#.#.#.#...^.####


You could see a scorpion.

Vanquished Creatures
  3 bats
  5 endoplasms
  3 giant cockroaches
  5 goblins
  4 hobgoblins (D:1)
  A kobold (D:2)
  A quokka (D:1)
  A ball python (D:1)
  A frilled lizard (D:2)
24 creatures vanquished.

Notes
Turn   | Place    | Note
-------+----------+-------------------------------------------
     0 | D:1      | gobodom the Demonspawn Gladiator began the quest for the
                  | Orb.
     0 | D:1      | Reached XP level 1. HP: 16/16 MP: 1/1
   212 | D:1      | Gained mutation: You are partially covered in yellow
                  | scales. (AC +2) [demonic ancestry]
   212 | D:1      | Reached XP level 2. HP: 8/22 MP: 2/2
   742 | D:1      | Found Jutaz's Distillery.
  1311 | D:2      | Gained mutation: A meltable shield of frost defends you.
                  | (SH +4) [demonic ancestry]
  1311 | D:2      | Reached XP level 3. HP: 25/27 MP: 3/3
  1444 | D:2      | Noticed a scorpion
  1482 | D:2      | Slain by a scorpion

Illustrated notes

Levels and vault maps discovered:
D:1:      lemuel_arrival_broad_hall, layout_basic, serial_shops,
          nicolae_shop_hallway_plus, corexii_corridor_pit,
          minmay_indecisive_spiral
D:2:      minmay_chambers_of_twos, layout_loops_corners,
          shapermc_ecumenical_altar_rom_forum, glass_columns_c,
          uniq_crazy_yiuf_cottage

Skill      XL: |  1  2 |
---------------+-------+-----
Dodging        | 3 |  3.2
Axes           | 3 |  3.1
Fighting       | |  2.1
Throwing       | |  1.8
Armour         | |  0.7
Stealth        | |  0.1

Action                   || total
-------------------------++-------
Melee: War axe           ||    59
       Punch             ||     1
Throw: Dart              ||     3
 Stab: Sleeping          ||     1
Armor: Leather armour    ||    23
Dodge: Dodged            ||    33
Block: Other             ||     3
